 Dungeon Crawl Stone Soup version 0.24-a0-411-g4df2b1290f (webtiles) character file.

Game seed: 8810620904897790004

7984 Fanghorn the Thaumaturge (level 11, 0/64 HPs)
             Began as a Mummy Necromancer on June 5, 2019.
             Was a High Priest of Hepliaklqana.
             Slain by an orc warrior
             ... wielding a +0 glaive
              (9 damage)
             ... on level 2 of the Orcish Mines on June 6, 2019.
             The game lasted 01:31:52 (8607 turns).

Fanghorn the Thaumaturge (Mummy Necromancer)        Turns: 8607, Time: 01:31:52

Health: 0/64       AC: 11    Str: 12    XL:     11   Next: 3%
Magic:  5/35       EV: 12    Int: 18    God:    Hepliaklqana [*****.]
Gold:   914        SH:  0    Dex: 12    Spells: 14/33 levels left

rFire    x . .     SeeInvis .   d - +2 spear (flame)
rCold    + . .     Gourm    .   (no shield)
rNeg     + + +     Faith    .   f - +2 leather armour
rPois    ∞         Spirit   .   c - +0 helmet
rElec    .         Reflect  .   r - +1 cloak
rCorr    .         Harm     .   y - +2 pair of gloves
MR       ++...                  (no boots)
Stlth    ++........             (no amulet)
HPRegen  0.20/turn              j - ring of magical power
MPRegen  0.24/turn              v - ring of protection from magic

@: very slightly contaminated
A: no food or potions, fire vulnerability, reduced essence, cold resistance 1,
negative energy resistance 3, torment resistance, unbreathing
a: Recall Ancestor, Ancestor Identity, Transference, Idealise, Renounce Religion


You were on level 2 of the Orcish Mines.
You worshipped Hepliaklqana.
Hepliaklqana was extremely pleased with you.
You were not hungry.

You visited 2 branches of the dungeon, and saw 11 of its levels.

You collected 914 gold pieces.

Inventory:

Hand Weapons
 d - a +2 spear of flaming (weapon)
 h - a +2 dagger of venom
 n - a +3 dagger of flaming
 s - a +0 war axe of holy wrath
 t - a +0 mace of venom
 x - a cursed -3 war axe
Missiles
 i - 18 poisoned darts (quivered)
Armour
 a - a +0 robe
 c - a +0 helmet (worn)
 f - a +2 leather armour (worn)
 g - a +0 leather armour
 l - a +0 cloak
 p - a +1 robe of cold resistance
 q - a +0 pair of gloves
 r - a +1 cloak (worn)
 w - a +0 pair of gloves
 y - a +2 pair of gloves (worn)
Jewellery
 e - an uncursed ring of fire
 j - a ring of magical power (left hand)
 k - an uncursed ring of magical power
 v - a ring of protection from magic (right hand)
 z - a +6 ring of intelligence
Wands
 b - a wand of clouds (4)
 m - a wand of polymorph (2)
 B - a wand of digging (4)
Scrolls
 o - a scroll of teleportation
 u - a scroll of acquirement {unknown}
 D - a scroll of magic mapping
 E - a scroll of random uselessness {unknown}
 G - a scroll of silence {unknown}


   Skills:
 + Level 2.1 Fighting
 + Level 3.1 Polearms
 + Level 1.3 Throwing
 + Level 2.3 Armour
 + Level 2.6 Dodging
 + Level 3.0 Stealth
 + Level 11.9 Spellcasting
 + Level 1.3 Conjurations
 + Level 11.2 Necromancy
 + Level 1.5 Air Magic
 + Level 0.3 Poison Magic
 * Level 3.6 Invocations


You had 14 spell levels left.
You knew the following spells:

 Your Spells              Type           Power        Failure   Level  Hunger
a - Pain                  Necr           ####         1%          1    N/A
b - Animate Dead          Necr           N/A          1%          4    N/A
c - Vampiric Draining     Necr           ######....   1%          3    N/A
d - Blink                 Tloc           N/A          13%         2    N/A
e - Mephitic Cloud        Conj/Pois/Air  ##......     16%         3    N/A
f - Conjure Flame         Conj/Fire      ##......     19%         3    N/A
g - Slow                  Hex            ##......     13%         2    N/A
h - Magic Dart            Conj           ###.         4%          1    N/A

Your spell library contained the following spells:

 Spells                   Type           Power        Failure   Level  Hunger
 Animate Skeleton         Necr           N/A          1%          1    N/A
 Call Imp                 Summ           ##......     13%         2    N/A
 Sticks to Snakes         Tmut           ##......     13%         2    N/A
 Regeneration             Chrm/Necr      Unusable     N/A         3    N/A
 Beastly Appendage        Tmut           Unusable     N/A         1    N/A
 Spider Form              Tmut/Pois      Unusable     N/A         3    N/A
 Ice Form                 Ice/Tmut       Unusable     N/A         4    N/A
 Blade Hands              Tmut           Unusable     N/A         5    N/A

Dungeon Overview and Level Annotations

Branches:
Dungeon (9/15)             Temple (0/1) D:6             Orc (2/2) D:9
    Elf (0/3) Orc:2
   Lair: D:8-11

Altars:
Cheibriados
Dithmenos
Fedhas
Gozag
Hepliaklqana
Nemelex Xobeh
Uskayaw
Vehumet
Xom
Yredelemnul
Zin
The Shining One


Innate Abilities, Weirdness & Mutations

You do not eat or drink.
Your flesh is vulnerable to fire.
You are immune to poison.
Your flesh is cold resistant. (rC+)
You are immune to negative energy. (rN+++)
You are immune to unholy pain and torment.
You can survive without breathing.
Your life essence is reduced to manifest your ancestor. (-10% HP)


Message History

The orc sorcerer shouts!
An orc sorcerer comes into view.
It is wielding a +0 dagger and wearing a +0 robe of positive energy.
The orc sorcerer shouts!
You hear a shout! x2
An orc priest comes into view. It is wielding a +0 mace.
The orc priest shouts!
You hear a shout! x2
An orc wizard comes into view. It is wielding a +0 dagger.
An orc comes into view. It is wielding a +0 dagger.
The orc warlord hits something with a +3 great sword!!
Bozena has departed this plane of existence.
An orc comes into view. It is wielding a +0 flail.
An orc wizard comes into view. It is wielding a +0 dagger.
The orc warrior throws a boomerang.
The boomerang closely misses you.
The weapon returns to the orc warrior!
An orc comes into view.
An orc wizard comes into view. It is wielding a +0 dagger.
An orc high priest comes into view. It is wielding a +0 dire flail.
An orc warrior comes into view.
It is wielding a +2 dire flail of distortion and wearing a +1 plate armour of fire resistance.
An orc priest comes into view. It is wielding a +0 club.
The orc warrior hits you from afar with a glaive!
You die...

.....#.......R).......
....#.......o..4))......
..............o.).......
#............o.o........
........................
Z..............o........
.................o......
..............oo..o...$.
..####### #..@.o# ..#
#.......o.# ..#
#.......oo# ..#
#.........# ###
#....o...o# #
#..o..oo..# ..ooo......
o.o.....o.oo.


You could see an orc warlord (confused), an orc high priest, a hellwing, 2 orc
sorcerers, 9 orc warriors, 3 orc priests, 4 orc wizards and 6 orcs.

Vanquished Creatures
  An orc sorcerer (Orc:2)
  2 trolls (Orc:2)
  A spriggan (D:8)
  6 orc warriors
  A sky beast (D:8)
  4 black bears
  An ice beast (D:7)
  2 ogres
  A centaur (D:9)
  2 bullfrogs
  Dowan (D:7)
  3 killer bees (D:8)
  A scorpion (D:5)
  A howler monkey (D:4)
  2 crimson imps
  A jelly (D:5)
  A hound (D:8)
  4 orc priests
  7 orc wizards
  Ijyb (D:5)
  A battlemage (Orc:2)
  A worker ant (D:5)
  A hound skeleton (D:5)
  7 gnolls
  6 adders
  2 oozes
  An adder skeleton (D:5)
  2 worms (D:2)
  5 leopard geckos
  70 orcs
  4 giant cockroaches
  4 goblins
  6 hobgoblins
  13 jackals
  3 quokkas
  3 ball pythons
  5 bats
  5 frilled lizards
  A goblin skeleton (D:8)
  2 hobgoblin zombies (D:8)
  4 kobolds
  A leopard gecko zombie (D:3)
  An orc zombie (D:8)
  A quokka skeleton (D:4)
  13 rats
205 creatures vanquished.

Vanquished Creatures (collateral kills)
  2 orc knights (Orc:2)
  An orc sorcerer (Orc:2)
  Joseph (D:7)
  Prince Ribbit (D:6)
  5 yaks (D:9)
  Menkaure (D:6)
  Duvessa (D:7)
  A hornet zombie (D:8)
  An ice beast (D:6)
  A sky beast (D:6)
  5 orc warriors
  5 ogres
  A phantom (D:8)
  A centaur (D:9)
  A wyvern skeleton (D:6)
  2 killer bees
  A howler monkey (D:6)
  3 crimson imps
  A bullfrog zombie (D:9)
  A jelly (D:6)
  4 orc priests
  3 hounds
  An iron imp (D:8)
  6 orc wizards
  2 iguanas
  2 worker ants (D:9)
  A killer bee zombie (D:9)
  A hound zombie (D:6)
  5 gnolls
  2 shadow imps
  An ooze (D:4)
  2 adder skeletons
  2 worms
  A leopard gecko (D:5)
  18 orcs
  2 hobgoblins (D:3)
  A quokka (D:6)
  2 goblin skeletons (D:8)
  2 hobgoblin zombies (D:8)
  A jackal zombie (D:6)
  2 kobold zombies (D:8)
  A leopard gecko zombie (D:8)
98 creatures vanquished.

Vanquished Creatures (others)
  3 battlemagi
  An orc (Orc:2)
4 creatures vanquished.

Grand Total: 307 creatures vanquished

Notes
Turn   | Place    | Note
-------+----------+-------------------------------------------
     0 | D:1      | Fanghorn the Mummy Necromancer began the quest for the Orb.
     0 | D:1      | Reached XP level 1. HP: 13/13 MP: 4/4
   226 | D:1      | Reached XP level 2. HP: 19/19 MP: 2/5
   824 | D:2      | Reached skill level 1 in Polearms
   946 | D:2      | Reached XP level 3. HP: 24/24 MP: 7/7
  1151 | D:2      | Found a blossoming altar of Fedhas.
  1448 | D:2      | Found a faded altar of an unknown god.
  1450 | D:2      | Became a worshipper of Hepliaklqana the Forgotten
  1450 | D:2      | Reached * piety under Hepliaklqana
  1592 | D:3      | Reached skill level 5 in Necromancy
  1611 | D:3      | Reached XP level 4. HP: 27/27 MP: 8/8
  1617 | D:3      | Learned a level 4 spell: Animate Dead
  1621 | D:3      | Learned a level 3 spell: Vampiric Draining
  1922 | D:3      | Reached XP level 5. HP: 32/32 MP: 5/10
  2343 | D:3      | Reached XP level 6. HP: 29/37 MP: 5/13
  2406 | D:3      | Reached skill level 5 in Spellcasting
  2459 | D:3      | Reached ** piety under Hepliaklqana
  2486 | D:3      | Remembered your ancestor Bozena as a battlemage
  3339 | D:4      | Reached XP level 7. HP: 36/42 MP: 15/15
  3438 | D:5      | Entered Level 5 of the Dungeon
  3489 | D:5      | Noticed Ijyb
  3494 | D:5      | Killed Ijyb
  3624 | D:5      | Found an opulent altar of Gozag.
  3635 | D:5      | Reached *** piety under Hepliaklqana
  4086 | D:6      | Noticed Prince Ribbit
  4099 | D:6      | Killed Prince Ribbit
  4099 | D:6      | Reached skill level 1 in Throwing
  4265 | D:6      | Found an opulent altar of Gozag.
  4291 | D:6      | Reached skill level 1 in Fighting
  4291 | D:6      | Reached XP level 8. HP: 38/48 MP: 19/19
  4336 | D:6      | Noticed Menkaure
  4347 | D:6      | Killed Menkaure
  4428 | D:6      | Found a sparkling altar of Nemelex Xobeh.
  4565 | D:6      | Found a radiant altar of Vehumet.
  4736 | D:6      | Found a staircase to the Ecumenical Temple.
  5107 | D:7      | Learned a level 2 spell: Blink
  5111 | D:7      | Learned a level 3 spell: Mephitic Cloud
  5115 | D:7      | Learned a level 3 spell: Conjure Flame
  5118 | D:7      | Learned a level 2 spell: Slow
  5120 | D:7      | Learned a level 1 spell: Magic Dart
  5127 | D:7      | Noticed Joseph
  5134 | D:7      | Killed Joseph
  5134 | D:7      | Reached XP level 9. HP: 52/53 MP: 22/22
  5320 | D:7      | Noticed Dowan
  5325 | D:7      | Noticed Duvessa
  5329 | D:7      | Killed Dowan
  5339 | D:7      | Killed Duvessa
  5395 | D:7      | Reached skill level 1 in Air Magic
  5690 | D:7      | Found a shadowy altar of Dithmenos.
  5690 | D:7      | Found a snail-covered altar of Cheibriados.
  5691 | D:7      | Found a basalt altar of Yredelemnul.
  5695 | D:7      | Reached **** piety under Hepliaklqana
  5898 | D:8      | Found a glowing golden altar of the Shining One.
  6306 | D:8      | Reached skill level 1 in Armour
  6376 | D:8      | Found a glowing golden altar of the Shining One.
  6804 | D:8      | Reached skill level 10 in Spellcasting
  6804 | D:8      | Reached skill level 1 in Conjurations
  6906 | D:8      | Reached skill level 10 in Necromancy
  7267 | D:8      | Reached XP level 10. HP: 35/60 MP: 15/24
  7415 | D:9      | Found a staircase to the Orcish Mines.
  7628 | D:9      | Reached skill level 1 in Invocations
  7696 | D:9      | Found a shimmering altar of Xom.
  7699 | D:9      | Noticed an angel
  7702 | D:9      | Found a glowing silver altar of Zin.
  7877 | D:9      | Reached ***** piety under Hepliaklqana
  7918 | D:9      | Found a hide-covered altar of Uskayaw.
  8053 | D:9      | Upgraded the game from 0.24-a0-408-gcc1054c7ca to
                  | 0.24-a0-411-g4df2b1290f
  8090 | Orc:1    | Entered Level 1 of the Orcish Mines
  8140 | Orc:2    | Entered Level 2 of the Orcish Mines
  8314 | Orc:2    | Found a staircase to the Elven Halls.
  8329 | Orc:2    | Noticed an orc sorcerer
  8334 | Orc:2    | Noticed an orc knight
  8342 | Orc:2    | Noticed an orc sorcerer
  8349 | Orc:2    | Killed an orc knight
  8358 | Orc:2    | Killed an orc sorcerer
  8410 | Orc:2    | Killed an orc sorcerer
  8589 | Orc:2    | Noticed an orc knight
  8592 | Orc:2    | Noticed an orc high priest
  8595 | Orc:2    | Noticed an orc warlord
  8603 | Orc:2    | Killed an orc knight
  8603 | Orc:2    | Reached XP level 11. HP: 36/64 MP: 5/26
  8607 | Orc:2    | Noticed an orc sorcerer
  8607 | Orc:2    | Noticed an orc sorcerer
  8607 | Orc:2    | Noticed an orc high priest
  8607 | Orc:2    | Slain by an orc warrior

Levels and vault maps discovered:
D:1:      dpeg_arrival_chambers_temple_mockup, layout_loops_ring
D:2:      layout_rooms, chequers_ecumenical_altar_twisty, fedhas_altar_1
D:3:      layout_basic, first_ration, minmay_between
D:4:      layout_gridville
D:5:      layout_basic, basic_altar, uniq_ijyb
D:6:      layout_rooms, lemuel_round_altar, nemelex_xobeh_ov_fountains_minmay,
          lemuel_round_altar, minmay_temple_entry_nine_rooms,
          minmay_misc_feat_more_columns, uniq_prince_ribbit1, uniq_menkaure
D:7:      layout_gridville, chequers_temple_overflow_statue_of_worship,
          uniq_joseph, uniq_duvessa
D:8:      layout_loops_corners, lemuel_round_altar, grunt_pizzeria,
          nicolae_tso_besieged_by_evil
D:9:      layout_big_octagon, grunt_temple_overflow_order_and_chaos_1,
          lemuel_round_altar, hiddenorc2_lemuel
Orc:1:    layout_diamond_mine
Orc:2:    st_orc_congregation, layout_diamond_mine

Skill      XL: |  1  2  3  4  5  6  7  8  9 10 |
---------------+-------------------------------+-----
Polearms       | 1 2 3 |  3.1
Spellcasting   | 3 4 5 7 9 10 11 | 11.9
Necromancy     | 5 6 7 8 10 11 | 11.2
Dodging        | 2 |  2.6
Throwing       | 1 |  1.3
Fighting       | 1 2 |  2.1
Stealth        | 2 3 |  3.0
Air Magic      | 1 |  1.5
Armour         | 1 2 |  2.3
Conjurations   | 1 |  1.3
Invocations    | 3 |  3.6
Poison Magic   | |  0.3

Action                   |  1- 3 |  4- 6 |  7- 9 | 10-12 || total
-------------------------+-------+-------+-------+-------++-------
Melee: Spear             |    41 |    23 |   130 |    70 ||   264
Throw: Dart              |       |       |    26 |     2 ||    28
 Cast: Pain              |    92 |    83 |   165 |   113 ||   453
       Animate Dead      |       |    10 |    10 |    12 ||    32
       Vampiric Draining |       |    12 |    19 |    18 ||    49
       Mephitic Cloud    |       |       |     6 |    16 ||    22
       Magic Dart        |       |       |    27 |    18 ||    45
Invok: Ancestor Life: Ba |       |     1 |       |       ||     1
  Use: Scroll            |     2 |     8 |     4 |     9 ||    23
 Stab: Sleeping          |     5 |     3 |     3 |       ||    11
       Distracted        |       |     1 |     1 |       ||     2
       Confused          |       |       |     1 |     2 ||     3
Armor: Robe              |    12 |     7 |    10 |       ||    29
       Leather armour    |       |       |    62 |    27 ||    89
Dodge: Dodged            |    48 |    44 |   137 |    48 ||   277

Table legend:
 A = Non-vault XP
 B = Vault XP
 C = Vault XP percentage of total XP
 D = Non-vault monster count
 E = Vault monster count
 F = Vault count percentage of total count
                 A         B        C        D         E       F
            +---------+---------+-------+---------+---------+-------
      Total |    8589 |    2817 |  24.7 |     235 |      67 |  22.2
            +---------+---------+-------+---------+---------+-------
        D:1 |      34 |       0 |   0.0 |      21 |       0 |   0.0
        D:2 |      44 |       0 |   0.0 |      21 |       0 |   0.0
        D:3 |     331 |       9 |   2.6 |      41 |       5 |  10.9
        D:4 |     326 |       0 |   0.0 |      16 |       0 |   0.0
        D:5 |     268 |      36 |  11.8 |      20 |       1 |   4.8
        D:6 |     679 |     446 |  39.6 |      21 |       2 |   8.7
        D:7 |     706 |     642 |  47.6 |      21 |       3 |  12.5
        D:8 |    1631 |     400 |  19.7 |      21 |      15 |  41.7
        D:9 |    1552 |     446 |  22.3 |      23 |      29 |  55.8
      Orc:1 |     237 |       0 |   0.0 |       5 |       0 |   0.0
      Orc:2 |    2781 |     838 |  23.2 |      25 |      12 |  32.4
            +---------+---------+-------+---------+---------+-------
